 Dungeon Crawl Stone Soup version 0.28.0-56-g4927b6849a (webtiles) character file.

Game seed: 1299212746716005991

32 NotaViper the Skirmisher (level 3, -2/30 HPs)
             Began as a Demonspawn Abyssal Knight on Feb 8, 2023.
             Was a Believer of Lugonu.
             Slain by a gnoll
             ... wielding a +0 spear
              (3 damage)
             ... on level 2 of the Dungeon.
             The game lasted 00:06:23 (1281 turns).

NotaViper the Skirmisher (DsAK)                     Turns: 1281, Time: 00:06:23

Health: -2/30      AC:  3    Str: 15    XL:     3   Next: 10%
Magic:  4/4        EV:  9    Int: 11    God:    Lugonu [**....]
Gold:   30         SH:  7    Dex: 13    Spells: 2/2 levels left

rFire   . . .      SeeInvis .   a - +1 falchion
rCold   . . .      Faith    .   k - +0 kite shield
rNeg    . . .      Spirit   .   b - +0 leather armour
rPois   .          Reflect  .   (no helmet)
rElec   .          Harm     .   (no cloak)
rCorr   .          Rampage  .   (no gloves)
Will    .....                   (no boots)
Stlth   +.........              (no amulet)
HPRegen 0.10/turn               (no ring)
MPRegen 0.09/turn               (no ring)

@: no status effects
A: powered by pain 1
a: Renounce Religion, Depart the Abyss, Bend Space


You were on level 2 of the Dungeon.
You worshipped Lugonu.
Lugonu was pleased with you.
You visited 1 branch of the dungeon, and saw 2 of its levels.
You visited the Abyss 1 time.

You collected 30 gold pieces.

Inventory:

Hand Weapons
 a - a +1 falchion (weapon)
Missiles
 c - 13 stones
 g - 16 sling bullets
Armour
 b - a +0 leather armour (worn)
 i - a +0 leather armour
 k - a +0 kite shield (worn)
Scrolls
 d - a scroll of enchant armour {unknown}
 e - a scroll of fear {unknown}
 h - a scroll of amnesia {unknown}
 n - a scroll of teleportation {unknown}
Potions
 f - a potion of heal wounds {unknown}
 j - a potion of might {unknown}
 l - a potion of lignification {unknown}
 m - 2 potions of curing {unknown}


   Skills:
 + Level 3.7 Fighting
 + Level 2.1 Long Blades
 + Level 2.0 Armour
 + Level 1.0 Dodging
 + Level 0.3 Stealth
 + Level 0.1 Shields
 + Level 2.4 Invocations


You had 2 spell levels left.
You didn't know any spells.
Your spell library contained the following spells:

 Spells                   Type           Power      Damage    Failure   Level
 Blink                    Tloc           0%         N/A       94%         2
 Manifold Assault         Tloc           0%         N/A       100%        5
 Storm Form               Tmut/Air       0%         N/A       100%        7


Dungeon Overview and Level Annotations

Branches:
Dungeon (2/15)

Altars:


Innate Abilities, Weirdness & Mutations

You sometimes gain a little power by taking damage.


Message History

Throw: 17 stones
Press: ? - help, Shift-Dir - straight line, f - gnoll
Aim: a gnoll, wielding a +0 spear (61% to hit)
You throw a stone. The stone hits the gnoll.
The gnoll is lightly wounded.
A gnoll comes into view. It is wielding a +0 flail.
Throw: 16 stones
Press: ? - help, Shift-Dir - straight line, f/p - gnoll
Aim: a gnoll, wielding a +0 spear (lightly wounded, 61% to hit)
You throw a stone.
The stone hits the gnoll but does no damage.
The gnoll is lightly wounded.
Throw: 15 stones
Press: ? - help, Shift-Dir - straight line, f/p - gnoll
Aim: a gnoll, wielding a +0 spear (lightly wounded, 61% to hit)
You throw a stone.
The stone hits the gnoll but does no damage.
The gnoll is lightly wounded.
Throw: 14 stones
Press: ? - help, Shift-Dir - straight line, f/p - gnoll
Aim: a gnoll, wielding a +0 spear (lightly wounded, 61% to hit)
You throw a stone. The stone hits the gnoll.
The gnoll is lightly wounded.
The gnoll barely misses you. The gnoll hits you with a +0 flail.
You closely miss the gnoll. The gnoll hits you with a +0 spear!
The gnoll hits you with a +0 flail!
* * * LOW HITPOINT WARNING * * *
The gnoll hits you with a +0 spear.
* * * LOW HITPOINT WARNING * * *
You hit the gnoll.
The gnoll is lightly wounded.
The gnoll hits you with a +0 flail.
* * * LOW HITPOINT WARNING * * *
The gnoll hits you with a +0 spear.
* * * LOW HITPOINT WARNING * * *
You barely miss the gnoll.
The gnoll is lightly wounded.
You block the gnoll's attack. The gnoll hits you with a +0 spear.
You die...

... .. .# #.# ....
#. .# #...
....##.###.##..#
......$.#.....#
#............#. .
#......#.......
..#####...#.....#
..........@g((..#
.<#......g#..(....
.......<..........
###.............##
####.#...###.##
#.#...# .#
#....... #
......### .##...#


You could see 2 gnolls.

Vanquished Creatures
  A dart slug (D:1)
  5 bats (D:1)
  3 endoplasms (D:1)
  A giant cockroach (D:1)
  6 hobgoblins (D:1)
  2 jackals (D:1)
  3 ball pythons (D:1)
  A frilled lizard (D:1)
  2 kobolds (D:1)
  3 rats (D:1)
27 creatures vanquished.

Notes
Turn   | Place    | Note
-------+----------+-------------------------------------------
     0 | Abyss:1  | NotaViper the Demonspawn Abyssal Knight began the quest for
                  | the Orb.
     0 | Abyss:1  | Reached XP level 1. HP: 18/18 MP: 2/2
    16 | D:1      | Escaped the Abyss
   189 | D:1      | Gained mutation: You sometimes gain a little power by
                  | taking damage. [demonic ancestry]
   189 | D:1      | Reached XP level 2. HP: 22/24 MP: 3/3
   237 | D:1      | Found a faded altar of an unknown god.
   467 | D:1      | Reached ** piety under Lugonu
   738 | D:1      | Reached skill level 1 in Dodging
   793 | D:1      | Reached XP level 3. HP: 19/30 MP: 4/4
  1280 | D:2      | HP: 1/30 [gnoll/+0 spear (3)]
  1281 | D:2      | Slain by a gnoll

Illustrated notes

Levels and vault maps discovered:
D:1:      dpeg_arrival_castle, layout_loops_cross, basic_ecumenical_altar
D:2:      layout_rooms, serial_bayou, serial_bayou_lagoon_b,
          serial_bayou_crossing, serial_bayou_shore_a, serial_bayou_pond_c

Skill      XL: |  1  2 |
---------------+-------+-----
Long Blades    | 2 |  2.1
Armour         | 2 |  2.0
Dodging        | 1 |  1.0
Fighting       | |  3.7
Stealth        | |  0.3
Shields        | |  0.1
Invocations    | |  2.4

Action                   || total
-------------------------++-------
Melee: Falchion          ||    95
       Punch             ||     1
Throw: Stone             ||     4
 Stab: Sleeping          ||     1
Armor: Leather armour    ||    64
Dodge: Dodged            ||    87
Block: Kite shield       ||    18
